 Dungeon Crawl Stone Soup version 0.30-a0-782-ge64f9170bb (webtiles) character file.

Game seed: 6542772376909179937

834 IndexError the Skirmisher (level 7, -3/45 HPs)
             Began as a Gargoyle Hunter on Mar 2, 2023.
             Slain by an orc wizard
             ... wielding a +0 quarterstaff
              (5 damage)
             ... on level 7 of the Dungeon.
             The game lasted 00:06:39 (4109 turns).

IndexError the Skirmisher (Gargoyle Hunter)         Turns: 4109, Time: 00:06:40

Health: -3/45      AC:  7    Str: 14    XL:     7   Next: 98%
Magic:  7/7        EV: 11    Int: 10    God:
Gold:   174        SH:  0    Dex: 15    Spells: 6/6 levels left

rFire   . . .      SeeInvis +    a - +0 shortbow
rCold   . . .      Faith    .    (shield currently unavailable)
rNeg    + . .      Spirit   .    c - +0 leather armour
rPois   ∞          Reflect  .    (no helmet)
rElec   +          Harm     .    (no cloak)
rCorr   .          Rampage  .    (no gloves)
Will    .....                    (no boots)
Stlth   ++                       (no amulet)
HPRegen 0.27/turn                d - ring of see invisible {sInv, !d}
MPRegen 0.10/turn                (no ring)

@: no status effects
A: sickness immunity, AC +4, negative energy resistance 1, electricity
resistance, torment resistance 1, petrification resistance
a: no special abilities


You were on level 7 of the Dungeon.
You visited 2 branches of the dungeon, and saw 7 of its levels.

You collected 174 gold pieces.

Inventory:

Hand Weapons
 a - a +0 shortbow (weapon)
Missiles
 p - 4 javelins
Armour
 c - a +0 leather armour (worn)
Jewellery
 d - a ring of see invisible (left hand) {sInv, !d}
   (You found it on level 1 of the Dungeon)
Wands
 i - a wand of flame (16)
   (You took it off Sigmund on level 2 of the Dungeon)
 o - a wand of polymorph (3)
   (You found it on level 3 of the Dungeon)
 w - a wand of acid (15)
   (You found it on level 6 of the Dungeon)
Scrolls
 b - 2 scrolls of immolation {!r}
 e - a scroll of fog {unknown}
 f - 6 scrolls of identify {unknown}
 g - 2 scrolls of teleportation {unknown}
 j - a scroll of noise {unknown}
 k - a scroll of enchant armour {unknown}
 m - a scroll of blinking {unknown}
 q - a scroll of silence {unknown}
 s - a scroll of vulnerability {unknown}
Potions
 h - a potion of heal wounds {unknown}
 l - a potion of ambrosia {unknown}
 n - 2 potions of flight {unknown}
 r - a potion of mutation {unknown}
 t - a potion of berserk rage {unknown}
 u - a potion of lignification {unknown}
 v - a potion of curing {unknown}


   Skills:
 + Level 5.8 Fighting
 * Level 8.2 Ranged Weapons
 - Level 1.5 Dodging
 - Level 1.1 Stealth


You had 6 spell levels left.
You didn't know any spells.
Your spell library contained the following spells:

 Spells                   Type           Power      Damage    Failure   Level
 Ensorcelled Hibernation  Hex/Ice        0%         N/A       58%         2
 Passwall                 Tmut/Erth      0%         N/A       58%         2
 Swiftness                Air            0%         N/A       82%         3


Dungeon Overview and Level Annotations

Branches:
Dungeon (7/15)             Temple (1/1) D:4

Altars:
Dithmenos
Elyvilon
Fedhas
Gozag
Kikubaaqudgha
Makhleb
Nemelex Xobeh
Okawaru
Qazlal
Sif Muna
Trog
Vehumet
Wu Jian
Xom
Yredelemnul


Innate Abilities, Weirdness & Mutations

You are immune to sickness and miasma.
Your stone body is resilient. (AC +4)
You are immune to poison.
You resist negative energy. (rN+)
You are resistant to electric shocks. (rElec)
You are resistant to unholy torment.
You are immune to petrification.


Message History

The gnoll sergeant hits you from afar with a +0 spear.
The orc wizard mumbles some strange words.
The orc wizard flickers and vanishes for a moment.
You take 1 damage, and have 39/45 hp.
You shoot an arrow.
The arrow hits the gnoll sergeant but does no damage.
The gnoll sergeant closely misses you.
You shoot an arrow. The gnoll sergeant blocks the arrow.
You hear a shout!
The gnoll sergeant hits you from afar with a +0 spear.
The orc wizard points at you and mumbles some strange words.
The puff of flame hits you!
The gnoll sergeant hits you but does no damage.
You hear a shout!
You take 12 damage, and have 28/45 hp.
MASSIVE DAMAGE!!
You shoot an arrow. The gnoll sergeant blocks the arrow.
The gnoll sergeant misses you.
The orc wizard hits you with a +0 quarterstaff.
The gnoll sergeant hits you from afar with a +0 spear.
You climb downwards.
There is a stone staircase leading up here.
You take 2 damage, and have 26/45 hp.
You are too injured to fight recklessly!
You are too injured to fight recklessly!
You are too injured to fight recklessly!
Fire: a) +0 shortbow
Press: ? - help, Q - select action, (/) - cycle Shift-Dir - straight line, f - orc wizard
Aim: an orc wizard, wielding a +0 quarterstaff and wearing a +0 robe (slightly transparent, 59% to hit)
You shoot an arrow.
The arrow closely misses the orc wizard.
The orc wizard hits you with a +0 quarterstaff.
You take 4 damage, and have 22/45 hp.
Fire: a) +0 shortbow
Press: ? - help, Q - select action, (/) - cycle Shift-Dir - straight line, f/p - orc wizard
Aim: an orc wizard, wielding a +0 quarterstaff and wearing a +0 robe (slightly transparent, 59% to hit)
You shoot an arrow.
The arrow hits the orc wizard but does no damage.
The orc wizard gestures at you while chanting.
You are confused.
Non-targeted confused fire: a) +0 shortbow
Press: ? - help, Q - select action, (/) - cycle Dir - look around, f - activate You shoot an arrow.
The orc wizard hits you with a +0 quarterstaff.
You take 4 damage, and have 19/45 hp.
Non-targeted confused fire: a) +0 shortbow
Press: ? - help, Q - select action, (/) - cycle Dir - look around, f - activate You shoot an arrow.
The orc wizard misses you.
Non-targeted confused fire: a) +0 shortbow
Press: ? - help, Q - select action, (/) - cycle Dir - look around, f - activate You shoot an arrow.
The orc wizard casts a spell at you. The puff of flame hits you!
* * * LOW HITPOINT WARNING * * *
You take 8 damage, and have 11/45 hp.
Non-targeted confused fire: a) +0 shortbow
Press: ? - help, Q - select action, (/) - cycle Dir - look around, f - activate You shoot an arrow.
The orc wizard hits you with a +0 quarterstaff!
* * * LOW HITPOINT WARNING * * *
You take 6 damage, and have 5/45 hp.
Non-targeted confused fire: a) +0 shortbow
Press: ? - help, Q - select action, (/) - cycle Dir - look around, f - activate You shoot an arrow.
The orc wizard hits you but does no damage.
Non-targeted confused fire: a) +0 shortbow
Press: ? - help, Q - select action, (/) - cycle Dir - look around, f - activate You shoot an arrow.
You feel less confused. The orc wizard closely misses you.
The orc wizard misses you.
Fire: a) +0 shortbow
Press: ? - help, Q - select action, (/) - cycle Shift-Dir - straight line, f - orc wizard
Aim: an orc wizard, wielding a +0 quarterstaff and wearing a +0 robe (slightly transparent, 59% to hit)
You shoot an arrow. The arrow hits the orc wizard.
The orc wizard barely misses you.
Fire: a) +0 shortbow
Press: ? - help, Q - select action, (/) - cycle Shift-Dir - straight line, f/p - orc wizard
Aim: an orc wizard, wielding a +0 quarterstaff and wearing a +0 robe (lightly wounded, slightly transparent, 59% to hit)
You shoot an arrow.
The arrow closely misses the orc wizard.
The orc wizard misses you.
Fire: a) +0 shortbow
Press: ? - help, Q - select action, (/) - cycle Shift-Dir - straight line, f/p - orc wizard
Aim: an orc wizard, wielding a +0 quarterstaff and wearing a +0 robe (lightly wounded, slightly transparent, 59% to hit)
You shoot an arrow. The arrow hits the orc wizard.
The orc wizard hits you but does no damage.
Fire: a) +0 shortbow
Press: ? - help, Q - select action, (/) - cycle Shift-Dir - straight line, f/p - orc wizard
Aim: an orc wizard, wielding a +0 quarterstaff and wearing a +0 robe (moderately wounded, slightly transparent, 59% to hit)
You shoot an arrow. The arrow hits the orc wizard.
The orc wizard hits you with a +0 quarterstaff.
* * * LOW HITPOINT WARNING * * *
You take 4 damage, and have 2/45 hp.
Fire: a) +0 shortbow
Press: ? - help, Q - select action, (/) - cycle Shift-Dir - straight line, f/p - orc wizard
Aim: an orc wizard, wielding a +0 quarterstaff and wearing a +0 robe (heavily wounded, slightly transparent, 59% to hit)
You shoot an arrow.
The arrow closely misses the orc wizard.
The orc wizard hits you with a +0 quarterstaff.
You die...

### #@# #o# #.# #.# #.#
#.#
######.################
#......................
#.####.################


You could see an orc wizard (invisible).

Vanquished Creatures
  Sigmund (D:2)
  A phantom (D:7)
  Blork the orc (D:4)
  A necrophage (D:4)
  A bullfrog (D:6)
  A scorpion (D:4)
  An orc priest (D:7)
  Jessica (D:2)
  2 orc wizards (D:4)
  3 iguanas
  4 gnolls
  3 adders
  2 worms (D:3)
  3 dart slugs (D:1)
  4 orcs
  8 ball pythons
  2 bats
  7 endoplasms
  3 giant cockroaches
  10 goblins
  9 hobgoblins
  5 jackals (D:1)
  3 quokkas (D:1)
  3 frilled lizards
  9 kobolds
  7 rats
95 creatures vanquished.

Notes
Turn   | Place    | Note
-------+----------+-------------------------------------------
     0 | D:1      | IndexError the Gargoyle Hunter began the quest for the Orb.
     0 | D:1      | Reached XP level 1. HP: 12/12 MP: 1/1
    58 | D:1      | Reached XP level 2. HP: 18/18 MP: 2/2
   235 | D:1      | Reached XP level 3. HP: 22/22 MP: 3/3
   363 | D:1      | Reached skill level 3 in Fighting
   598 | D:1      | Reached skill level 5 in Ranged Weapons
   897 | D:2      | Noticed Sigmund
   997 | D:2      | Reached XP level 4. HP: 28/28 MP: 4/4
  1048 | D:2      | HP: 7/28 [Sigmund/+0 scythe (5)]
  1051 | D:2      | Killed Sigmund
  1052 | D:2      | Reached skill level 4 in Fighting
  1052 | D:2      | Reached skill level 6 in Ranged Weapons
  1052 | D:2      | Reached XP level 5. HP: 10/33 MP: 5/5
  1379 | D:2      | Noticed Jessica
  1384 | D:2      | Reached XP level 6. HP: 38/38 MP: 6/6
  1389 | D:2      | Killed Jessica
  1680 | D:2      | Found an opulent altar of Gozag.
  2498 | D:3      | Found a faded altar of an unknown god.
  2503 | D:3      | Found a shimmering altar of Xom.
  2685 | D:4      | Found a staircase to the Ecumenical Temple.
  2698 | Temple   | Entered the Ecumenical Temple
  2854 | D:4      | Noticed Blork the orc
  2862 | D:4      | Killed Blork the orc
  3020 | D:4      | Reached skill level 7 in Ranged Weapons
  3020 | D:4      | Reached XP level 7. HP: 40/44 MP: 7/7
  3073 | D:4      | Reached skill level 5 in Fighting
  3243 | D:4      | You fall into a shaft and drop 3 floors!
  3460 | D:7      | Reached skill level 8 in Ranged Weapons
  3461 | D:7      | HP: 7/45 [gnoll/+0 club[a gnoll sergeant] (6)]
  4101 | D:7      | HP: 11/45 [orc wizard/puff of flame (8)]
  4102 | D:7      | HP: 5/45 [orc wizard/+0 quarterstaff (7)]
  4108 | D:7      | HP: 2/45 [orc wizard/+0 quarterstaff (5)]
  4109 | D:7      | Slain by an orc wizard

Illustrated notes

Levels and vault maps discovered:
D:1:      minmay_arrival_floating_metal, layout_loops_ring, st_stairs_13
D:2:      layout_loops_ring, basic_altar, uniq_jessica, uniq_sigmund
D:3:      layout_loops_corners, nicolae_overflow_ecumenical_swirl,
          dk_noncrumbling_3, minmay_goblin_outpost
D:4:      layout_layer_cave, minmay_temple_entry_mini_moons,
          dilly_guarded_unrand_morg, uniq_blork_the_orc, uniq_duvessa
D:6:      layout_rooms, grunt_temple_overflow_open
D:7:      layout_basic, nicolae_shop_i_like_big_books
Temple:   jpeg_temple_clearing

Skill      XL: |  1  2  3  4  5  6  7 |
---------------+----------------------+-----
Fighting       | 3 4 5 |  5.8
Ranged Weapons | 5 6 7 8 |  8.2
Dodging        | |  1.5
Stealth        | |  1.1

Action                     |  1- 3 |  4- 6 |  7- 9 || total
---------------------------+-------+-------+-------++-------
   Fire: Shortbow          |    89 |   152 |   117 ||   358
 Armour: Leather armour    |     8 |    18 |    23 ||    49
  Dodge: Dodged            |    17 |    31 |    43 ||    91

Table legend: (Time is in decaauts)
 A = Elapsed time spent in this place.
 B = Non-inter-level travel time spent in this place.
 C = Inter-level travel time spent in this place.
 D = Time resting spent in this place.
 E = Time spent auto-exploring this place.
 F = Levels seen in this place.
 G = Mean time per level.
                   A        B        C        D        E       F      G
               +--------+--------+--------+--------+--------+-----+--------+
         Total |   4220 |   3931 |    289 |    374 |   2811 |   7 |  602.9 |
       Dungeon |   4112 |   3835 |    277 |    374 |   2729 |   6 |  685.3 |
        Temple |    107 |     95 |     12 |      0 |     82 |   1 |  107.0 |
               +--------+--------+--------+--------+--------+-----+--------+

Top non-repeatable levels by time:
     D:1: 1019 daAuts
     D:2: 899 daAuts
     D:3: 826 daAuts
     D:7: 800 daAuts
     D:4: 479 daAuts
  Temple: 107 daAuts
     D:6: 86 daAuts

Table legend:
 A = Kills in this place as a percentage of kills in entire the game.
 B = Kills by you in this place as a percentage of kills by you in the entire game.
 C = Kills by friends in this place as a percentage of kills by friends in the entire game.
 D = Other kills in this place as a percentage of other kills in the entire game.
 E = Experience gained in this place as a percentage of experience gained in the entire game.
 F = Experience gained in this place divided by the number of levels of this place that you have seen.
                   A       B       C       D       E      F
               +-------+-------+-------+-------+-------+----------------------
         Total | 100.0 | 100.0 |   N/A |   N/A | 100.0 | 170.3
       Dungeon | 100.0 | 100.0 |   N/A |   N/A | 100.0 | 198.7
               +-------+-------+-------+-------+-------+----------------------
